AoeStats
← Yun

Lombardia

507880728Analyzed
3v3 RM · 13d ago on Sep 20, 2026· 67m 31s· 6 players
Game mode
Random Map
Map size
Normal (6 player)
Population
200
Speed
Normal
Resources
Standard
Victory
Conquest
Starting age
Dark Age
Ending age
Imperial Age
RankedLock teamsTeams togetherTeam positionsShared explorationLock speedFull tech treeHidden civsTurbo modeCheats
Victory
Defeat
🇪🇨 Ethiopians · Ecuador
1194
+18
🇨🇦 Sicilians · Canada
1150
+19
🇲🇽 Hindustanis · Mexico
1127
+20
🇪🇨 Magyars · Ecuador
1240
-20
🇻🇪 Maya · Venezuela
1230
-19
🇨🇱 Bulgarians · Chile
1210
-18
Yun
11:21 Feudal Age
15:43 Castle Age
16:50 Double-Bit Axe
19:15 Loom
23:45 Bow Saw
24:13 Wheelbarrow
24:58 Pikeman
25:58 Horse Collar
26:17 Stone Mining
28:01 Heavy Plow
29:58 Squires
30:02 Scale Mail Armor
30:28 Gold Mining
30:50 Gambesons
31:23 Forging
36:25 Imperial Age
35:02 Hand Cart
36:07 Stone Shaft Mining
36:10 Gold Shaft Mining
35:27 Arson
36:03 Chain Mail Armor
36:25 Iron Casting
36:52 First Crusade
36:40 Halberdier
40:15 Crop Rotation
40:42 Fletching
40:53 Padded Archer Armor
41:24 Plate Mail Armor
42:14 Chemistry
41:00 Arrowslits
42:33 Ballistics
42:25 Masonry
43:57 Bodkin Arrow
45:07 Elite Serjeant
46:44 Siege Engineers
47:42 Blast Furnace
46:43 Bracer
55:11 Leather Archer Armor
paulpacheco01
7:21 Loom
10:11 Feudal Age
11:27 Double-Bit Axe
12:26 Town Watch
14:10 Padded Archer Armor
21:20 Castle Age
19:16 Fletching
20:54 Gold Mining
21:25 Crossbowman
25:11 Scale Mail Armor
28:07 Leather Archer Armor
29:19 Bodkin Arrow
31:22 Ballistics
31:26 Thumb Ring
39:27 Imperial Age
38:12 Wheelbarrow
39:33 Arbalester
43:51 Chemistry
46:33 Conscription
45:46 Elite Skirmisher
48:41 Ring Archer Armor
52:40 Chain Mail Armor
59:54 Arson
er0208
3:11 Loom
9:47 Feudal Age
14:29 Double-Bit Axe
18:23 Wheelbarrow
20:28 Castle Age
19:08 Horse Collar
19:38 Scale Barding Armor
19:45 Bloodlines
20:53 Gold Mining
22:02 Forging
22:42 Chain Barding Armor
22:49 Heavy Plow
23:15 Husbandry
26:43 Bow Saw
30:49 Iron Casting
34:35 Padded Archer Armor
39:51 Imperial Age
39:12 Elite Skirmisher
41:33 Chemistry
41:12 Leather Archer Armor
42:11 Fletching
42:50 Town Watch
43:38 Ring Archer Armor
44:00 Conscription
44:46 Bodkin Arrow
47:25 Two-Man Saw
47:18 Ballistics
47:07 Bracer
60:17 Pikeman
WaunMan
0:44 Loom
10:52 Feudal Age
12:16 Double-Bit Axe
12:33 Horse Collar
26:03 Castle Age
24:11 Fletching
24:48 Padded Archer Armor
26:54 Thumb Ring
26:23 Crossbowman
26:29 Pikeman
28:42 Bodkin Arrow
29:35 Ballistics
29:41 Fortified Wall
33:22 Town Watch
34:00 Treadmill Crane
34:40 Leather Archer Armor
38:48 Heavy Plow
41:08 Bow Saw
40:57 Arson
41:19 Scale Mail Armor
47:30 Imperial Age
45:36 Wheelbarrow
47:53 Halberdier
49:24 Arbalester
52:37 Conscription
54:05 Capped Ram
55:50 Forging
55:56 Chain Mail Armor
55:25 Siege Ram
56:07 Squires
63:44 Eagle Warrior
65:03 Plate Mail Armor
65:09 Iron Casting
66:02 Elite Eagle Warrior
MettatostonRay
10:13 Feudal Age
12:04 Bloodlines
12:10 Double-Bit Axe
12:59 Scale Barding Armor
17:18 Wheelbarrow
21:42 Castle Age
19:44 Horse Collar
20:18 Fletching
22:15 Gold Mining
22:20 Loom
22:52 Husbandry
22:17 Light Cavalry
27:38 Bow Saw
30:45 Ballistics
31:11 Bodkin Arrow
31:49 Hand Cart
32:02 Thumb Ring
33:59 Heavy Plow
34:53 Gold Shaft Mining
35:00 Padded Archer Armor
39:07 Imperial Age
37:49 Leather Archer Armor
37:47 Stone Mining
40:17 Parthian Tactics
39:14 Heavy Cavalry Archer
39:56 Bracer
42:23 Chemistry
41:37 Masonry
41:32 Siege Engineers
41:32 Town Watch
43:06 Two-Man Saw
42:49 Conscription
42:32 Recurve Bow
45:42 Treadmill Crane
47:36 Hussar
49:47 Chain Barding Armor
51:02 Crop Rotation
55:11 Plate Barding Armor
Daralion
10:34 Feudal Age
12:02 Double-Bit Axe
12:29 Horse Collar
17:33 Loom
21:35 Castle Age
21:33 Forging
21:28 Scale Barding Armor
22:47 Wheelbarrow
22:36 Bow Saw
22:29 Heavy Plow
25:44 Hand Cart
26:01 Pikeman
26:45 Scale Mail Armor
30:14 Husbandry
30:34 Bloodlines
31:43 Town Watch
32:35 Chain Barding Armor
35:36 Iron Casting
40:47 Imperial Age
43:51 Fletching
45:02 Blast Furnace
49:03 Murder Holes
50:11 Chemistry
50:17 Plate Barding Armor
51:02 Bodkin Arrow
55:31 Light Cavalry
56:07 Gold Mining
66:31 Cavalier
Connection lost

Rejoining the realm…

Still unreachable

The connection could not be restored.

Session expired

The server has moved on; the page needs a fresh start.